 Dungeon Crawl Stone Soup version 0.30-a0-476-g330ca2eb8e (console) character file.

Game seed: 6827649414787851203

41995 jejorda2 the Phalangite (level 14, -4/172 HPs)
             Began as a Merfolk Berserker on Dec 21, 2022.
             Was an Elder of Trog.
             Slain by a cane toad (14 damage)
             ... on level 5 of the Lair of Beasts.
             The game lasted 00:39:10 (14362 turns).

jejorda2 the Phalangite (Merfolk Berserker)        Turns: 14362, Time: 00:39:11

Health: -4/172     AC: 23    Str: 21    XL:     14   Next: 17%
Magic:  14/14      EV: 13    Int: 11    God:    Trog [****..]
Gold:   678        SH:  0    Dex: 16    Spells: 13/13 levels left

rFire   + . .      SeeInvis +    a - +2 bardiche (venom)
rCold   . . .      Faith    .    (shield currently unavailable)
rNeg    . . .      Spirit   .    I - +2 scale mail {Will+}
rPois   .          Reflect  .    y - +2 helmet
rElec   +          Harm     .    C - +2 cloak {Stlth+}
rCorr   .          Rampage  .    E - +3 pair of gauntlets of War {Slay+5}
Will    ++++.                    u - +2 pair of boots "Ine Zyff" {Drain Str+4}
Stlth   ..........               S - amulet of regeneration
HPRegen 2.28/turn                M - ring "Odexi" {rElec rF+}
MPRegen 0.14/turn                H - ring of see invisible

@: berserking, lethally poisoned (-4 -> -23), strong-willed, regenerating, very
quick
A: (nimble swimmer 2), mertail, clever 1, mutation resistance 1, MP-powered
wands
a: Renounce Religion, Berserk, Trog's Hand, Brothers in Arms


You were on level 5 of the Lair of Beasts.
You worshipped Trog.
Trog was greatly pleased with you.
You visited 2 branches of the dungeon, and saw 15 of its levels.
You also visited: Bailey.

You collected 945 gold pieces.
You spent 267 gold pieces at shops.

Inventory:

Hand Weapons
 a - a +2 bardiche of venom (weapon)
 b - a +0 trident
 O - the +4 sling of the Endless Expanse {vorpal, +Blink rElec rC+ rN+ Dex-5}
   (You took it off a centaur on level 10 of the Dungeon)

   Any ammunition fired from it inflicts extra damage upon your enemies.
   Dex:       It affects your dexterity (-5).
   rC:        It protects you from cold.
   rElec:     It insulates you from electricity.
   rN:        It protects you from negative energy.
   +Blink:    It lets you blink.
Missiles
 k - 111 stones
 p - 5 silver javelins
 q - 25 boomerangs
 v - 17 poisoned darts (quivered)
 A - 2 throwing nets
 G - a curare-tipped dart
 K - a silver boomerang
Armour
 u - the +2 pair of boots "Ine Zyff" (worn) {Drain Str+4}
   (You found it on level 2 of the Dungeon)

   Str:       It affects your strength (+4).
   Drain:     It drains your maximum health when unequipped.
 y - a +2 helmet (worn)
 C - a +2 cloak of stealth (worn)
 E - the +3 pair of gauntlets of War (worn) {Slay+5}
   (You acquired it in a bailey)

   Slay:      It affects your accuracy & damage with ranged weapons and melee
   (+5).
 I - a +2 scale mail of willpower (worn)
Jewellery
 h - the ring of Midwinter {rF+ Str+2 Int+7}
   (You took it off an orc on level 8 of the Dungeon)

   [ring of protection from fire]

   Str:       It affects your strength (+2).
   Int:       It affects your intelligence (+7).
   rF:        It protects you from fire.
 z - a ring of positive energy
 H - a ring of see invisible (right hand)
 M - the ring "Odexi" (left hand) {rElec rF+}
   (You acquired it in a bailey)

   [ring of protection from fire]

   rF:        It protects you from fire.
   rElec:     It insulates you from electricity.
 S - an amulet of regeneration (around neck)
 V - a ring of ice
Wands
 c - a wand of polymorph (8)
 f - a wand of charming (3)
 P - a wand of digging (4)
 Q - a wand of flame (6)
 R - a wand of mindburst (15)
 X - a wand of roots (5)
Scrolls
 d - 2 scrolls of fear
 e - a scroll of torment
 g - 5 scrolls of teleportation
 i - 2 scrolls of blinking
 j - a scroll of enchant weapon
 l - a scroll of summoning
 m - 2 scrolls of silence
 o - 5 scrolls of fog
 r - 2 scrolls of immolation
 D - 2 scrolls of enchant armour
 F - 5 scrolls of poison
Potions
 n - 6 potions of heal wounds
 t - 9 potions of curing
 w - a potion of cancellation
 x - 4 potions of mutation
 B - 6 potions of flight
 J - 3 potions of ambrosia
 N - 4 potions of attraction
 T - a potion of lignification
 W - a potion of invisibility
Miscellaneous
 L - a condenser vane (inert)
 U - a lightning rod (4/4)


   Skills:
 - Level 12.0 Fighting
 * Level 21.7 Polearms
 + Level 9.6 Throwing
 - Level 5.0 Armour
 + Level 6.8 Dodging
 - Level 6.0 Evocations


You had 13 spell levels left.
You didn't know any spells.
Your spell library was empty.

Dungeon Overview and Level Annotations

Branches:
Dungeon (10/15)            Temple (0/1) D:7            Lair (5/5) D:8
  Swamp (0/4) Lair:3        Snake (0/4) Lair:3        Slime (0/5) Lair:5
 Bailey (visited)
    Orc: D:9-12

Altars:
Ashenzari
Cheibriados
Fedhas
Gozag
Hepliaklqana
Okawaru
Qazlal
Ru
Uskayaw
Vehumet
Wu Jian
Xom
Yredelemnul
Zin

Shops:
D:6 *([[!   D:10 *

Annotations:
D:5 4 runed translucent doors


Innate Abilities, Weirdness & Mutations

((You are very nimble when in or above water. (Stealth+, EV+, Speed+++)))
Your lower body shifts to a powerful aquatic tail in water.
Your mind is acute. (Int +4, Str/Dex -1)
You are somewhat resistant to further mutation.
You expend magic power (3 MP) to strengthen your wands.


Message History

You slash the guardian serpent!
The guardian serpent is moderately wounded.
You feel very sick. The water moccasin misses you.
The wolf spider is engulfed in poison gas.
The wolf spider looks as sick as possible!
The wolf spider hits you. The wolf spider bites you!
You are more poisoned.
The wolf spider poisons you!
The cane toad stings you but does no damage.
You slice the water moccasin!!
The water moccasin is almost dead.
You feel extremely sick. The guardian serpent hits you.
* * * LOW HITPOINT WARNING * * *
The water moccasin bites you but does no damage.
Unknown command.
You barely miss the water moccasin.
The water moccasin is almost dead.
You feel extremely sick.
The wolf spider is engulfed in poison gas.
The wolf spider looks as sick as possible!
The wolf spider hits you.
* * * LOW HITPOINT WARNING * * *
The wolf spider bites you but does no damage.
The guardian serpent hits you!
* * * LOW HITPOINT WARNING * * *
The cane toad stings you!
* * * LOW HITPOINT WARNING * * *
The water moccasin bites you but does no damage.
You barely miss the water moccasin.
The water moccasin is almost dead.
* * * LOW HITPOINT WARNING * * *
You feel very sick.
The wolf spider looks as sick as possible!
The wolf spider hits you but does no damage.
The wolf spider misses you. The guardian serpent hits you.
* * * LOW HITPOINT WARNING * * *
The cane toad stings you!
You die...

....# ....#
#....##.......
.....# ... ....
....##..P.....
......# .. #...
#...##.†.P.#.#.
.......# ...
...##........#.
.##.....
#§§##..##.....#....#
..###...
#§.#.[##....###.....
.... ##
#§§#§##...###.P.....
P..P ##.S#S§.?###
.P...... ...P
#..§@F§### ........
.... #...P§s##
.#...... ....
#.=PP☼§# ........
.P.P ##....##
.P...... .... ######
.....P.. ....
#.P..... ..##
###..... ..# #.....
.:.. .......


You could see a wolf spider (extremely poisoned), a guardian serpent, a cane
toad and a water moccasin.

Vanquished Creatures
  Gastronok (Lair:3)
  An orc warlord (Bailey)
  6 hydras
  Fannar (Lair:3)
  Erica (D:8)
  Urug (D:10)
  3 oklob plants (D:8)
  2 manticores
  11 black mambas
  10 elephants
  18 cane toads
  A rime drake (Lair:1)
  8 komodo dragons
  Psyche (D:10)
  A kobold demonologist (D:10)
  A polar bear (Lair:4)
  3 hornets (Lair:5)
  Prince Ribbit (D:5)
  Grinder (D:5)
  5 dream sheep (Lair:5)
  6 blink frogs
  Sigmund (D:3)
  3 wraiths
  14 wyverns
  28 yaks
  3 basilisks
  A redback (Lair:5)
  4 steam dragons
  3 nagas (Lair:3)
  Edmund (D:4)
  A floating eye (D:8)
  14 water moccasins
  Duvessa (D:4)
  An ice beast (D:6)
  8 orc warriors
  A sky beast (D:8)
  An ogre (D:4)
  A black bear (D:6)
  6 wolves (Lair:4)
  5 centaurs
  3 phantoms
  Blork the orc (D:4)
  6 bullfrogs
  2 kobold brigands
  A necrophage (D:5)
  A gnoll sergeant (D:7)
  5 scorpions
  Dowan (D:4)
  8 killer bees
  6 howler monkeys
  4 hounds
  2 gnoll boudas
  4 orc priests
  2 jellies
  Crazy Yiuf (D:4)
  Jessica (D:2)
  3 iguanas
  Ijyb (D:3)
  8 orc wizards
  Robin (D:3)
  19 gnolls
  7 adders
  A shadow imp (D:7)
  3 dart slugs
  34 orcs
  6 bats
  4 endoplasms
  2 giant cockroaches
  8 hobgoblins
  3 quokkas
  4 ball pythons
  4 frilled lizards
  30 goblins
  20 kobolds
  7 rats
393 creatures vanquished.

Vanquished Creatures (collateral kills)
  A komodo dragon (Lair:3)
1 creature vanquished.

Vanquished Creatures (others)
  An orc wizard (D:2)
  21 fungi
  51 plants
  4 withered plants (D:8)
77 creatures vanquished.

Grand Total: 471 creatures vanquished

Notes
Turn   | Place    | Note
-------+----------+-------------------------------------------
     0 | D:1      | jejorda2 the Merfolk Berserker began the quest for the Orb.
     0 | D:1      | Reached XP level 1. HP: 18/18 MP: 1/1
    75 | D:1      | Reached XP level 2. HP: 23/24 MP: 2/2
   478 | D:1      | Reached XP level 3. HP: 29/29 MP: 3/3
   693 | D:2      | Reached skill level 5 in Polearms
   788 | D:2      | Noticed Jessica
   794 | D:2      | Killed Jessica
   795 | D:2      | Reached XP level 4. HP: 35/37 MP: 4/4
  1005 | D:2      | Reached ** piety under Trog
  1070 | D:2      | Identified the +2 pair of boots "Ine Zyff" {Drain Str+4}
  1285 | D:3      | Noticed Ijyb
  1295 | D:3      | Gained mutation: Your mind is acute. (Int +4, Str/Dex -1)
                  | [potion of mutation]
  1295 | D:3      | Gained mutation: You are somewhat resistant to further
                  | mutation. [potion of mutation]
  1295 | D:3      | Gained mutation: You expend magic power (3 MP) to
                  | strengthen your wands. [potion of mutation]
  1308 | D:3      | Killed Ijyb
  1309 | D:3      | Reached skill level 6 in Polearms
  1309 | D:3      | Reached XP level 5. HP: 41/42 MP: 5/5
  1422 | D:3      | Found a shimmering altar of Xom.
  1445 | D:3      | Found a shimmering altar of Xom.
  1449 | D:3      | Found a shimmering altar of Xom.
  1452 | D:3      | Found a shimmering altar of Xom.
  1518 | D:3      | Noticed Sigmund
  1527 | D:3      | Killed Sigmund
  1528 | D:3      | Reached skill level 1 in Evocations
  1528 | D:3      | Reached XP level 6. HP: 49/49 MP: 6/6
  1578 | D:3      | Reached skill level 7 in Polearms
  1581 | D:3      | Noticed Robin
  1604 | D:3      | Killed Robin
  1996 | D:4      | Found a sacrificial altar of Ru.
  2105 | D:4      | Noticed Duvessa
  2108 | D:4      | Noticed Dowan
  2118 | D:4      | Killed Duvessa
  2119 | D:4      | Reached skill level 5 in Dodging
  2119 | D:4      | Reached XP level 7. HP: 55/55 MP: 7/7
  2124 | D:4      | Reached skill level 5 in Fighting
  2130 | D:4      | Killed Dowan
  2296 | D:4      | Found a runed translucent door.
  2297 | D:4      | Noticed Crazy Yiuf
  2303 | D:4      | Killed Crazy Yiuf
  2387 | D:4      | Reached skill level 8 in Polearms
  2408 | D:4      | Noticed Edmund
  2429 | D:4      | Killed Edmund
  2584 | D:4      | Reached XP level 8. HP: 63/63 MP: 8/8
  2746 | D:4      | Noticed Blork the orc
  2752 | D:4      | Killed Blork the orc
  2841 | D:4      | Found an ornate altar of the Wu Jian Council.
  2976 | D:4      | Reached skill level 9 in Polearms
  3036 | D:5      | Entered Level 5 of the Dungeon
  3050 | D:5      | Noticed Prince Ribbit
  3061 | D:5      | Killed Prince Ribbit
  3287 | D:5      | Noticed Grinder
  3287 | D:5      | Paralysed by Grinder for 3 turns
  3298 | D:5      | Killed Grinder
  3299 | D:5      | Reached skill level 10 in Polearms
  3333 | D:5      | Found a large runed translucent door.
  3334 | D:5      | Found a large runed translucent door.
  3341 | D:5      | Noticed a troll
  3403 | D:5      | Found a blossoming altar of Fedhas.
  3581 | D:5      | Found a large runed translucent door.
  3583 | D:5      | Found a large runed translucent door.
  3660 | D:5      | Reached XP level 9. HP: 65/69 MP: 9/9
  3758 | D:5      | Found a hazy altar of Hepliaklqana.
  3885 | D:5      | Reached skill level 11 in Polearms
  4303 | D:5      | Found a glowing silver altar of Zin.
  4646 | D:6      | Found a hide-covered altar of Uskayaw.
  4662 | D:6      | Reached skill level 12 in Polearms
  4784 | D:6      | Reached *** piety under Trog
  4791 | D:6      | Found Lohocem's Weapon Shop.
  4838 | D:6      | Found an opulent altar of Gozag.
  4983 | D:6      | Found a broken altar of Ashenzari.
  5012 | D:6      | Found Fergh's Armour Boutique.
  5028 | D:6      | Found Udyotoc's Antique Armour Shop.
  5031 | D:6      | Bought an embroidered scarf for 168 gold pieces
  5112 | D:6      | Reached skill level 13 in Polearms
  5134 | D:6      | Found Gozag's Platinum Reserve.
  5400 | D:6      | Found Jystuik's Distillery.
  5403 | D:6      | Bought a potion of degeneration for 11 gold pieces
  5408 | D:6      | Bought a potion of invisibility for 88 gold pieces
  5895 | D:7      | Reached XP level 10. HP: 74/76 MP: 8/10
  6090 | D:7      | Found a snail-covered altar of Cheibriados.
  6159 | D:7      | Found a staircase to the Ecumenical Temple.
  6167 | D:7      | Reached skill level 14 in Polearms
  6586 | D:8      | Found a basalt altar of Yredelemnul.
  6635 | D:8      | Noticed Erica
  6642 | D:8      | Killed Erica
  6643 | D:8      | Reached skill level 5 in Armour
  6646 | D:8      | Noticed an elephant
  6666 | D:7      | Reached skill level 15 in Polearms
  6732 | D:7      | Killed an elephant
  6791 | D:8      | Found a staircase to the Lair.
  6813 | D:8      | Reached skill level 1 in Throwing
  6927 | D:8      | Identified the ring of Midwinter {rF+ Str+2 Int+7}
  7145 | D:8      | Noticed a manticore
  7151 | D:8      | Killed a manticore
  7202 | D:8      | Noticed an oklob plant
  7215 | D:8      | Noticed an oklob plant
  7268 | D:8      | Noticed an oklob plant
  7339 | D:8      | Paralysed by a floating eye for 3 turns
  7669 | D:8      | Killed an oklob plant
  7670 | D:8      | Reached skill level 16 in Polearms
  7670 | D:8      | Reached XP level 11. HP: 84/84 MP: 11/11
  7673 | D:8      | Killed an oklob plant
  7698 | D:8      | Killed an oklob plant
  7746 | D:9      | Found a flagged portal.
  7768 | D:9      | Identified a scroll of acquirement
  7769 | D:9      | Acquired a +2 bardiche of venom
  7790 | Bailey   | Entered a bailey
  7848 | Bailey   | Noticed an orc warlord
  8050 | Bailey   | Found a runed translucent gate.
  8051 | Bailey   | Found a runed translucent gate.
  8067 | Bailey   | Found a runed translucent gate.
  8128 | Bailey   | Killed an orc warlord
  8240 | Bailey   | Acquired the ring "Odexi" {rElec rF+}
  8244 | Bailey   | Acquired the +3 pair of gauntlets of War {Slay+5}
  8244 | Bailey   | Found the +3 pair of gauntlets of War {Slay+5}
  8341 | D:9      | Reached **** piety under Trog
  8503 | D:9      | Noticed a manticore
  8509 | D:9      | Killed a manticore
  8510 | D:9      | Reached skill level 17 in Polearms
  8617 | D:9      | Found a stormy altar of Qazlal.
  8631 | D:9      | Reached skill level 5 in Throwing
  8878 | D:9      | Found an iron altar of Okawaru.
  8995 | D:10     | Entered Level 10 of the Dungeon
  9044 | D:10     | Noticed Urug
  9059 | D:10     | Killed Urug
  9220 | D:10     | Identified the +4 sling of the Endless Expanse {vorpal,
                  | +Blink rElec rC+ rN+ Dex-5}
  9226 | D:10     | Noticed Psyche
  9233 | D:10     | Killed Psyche
  9322 | D:10     | Found Pefuts's Changing Room.
  9726 | D:10     | Reached XP level 12. HP: 95/95 MP: 12/12
  9981 | Lair:1   | Entered Level 1 of the Lair of Beasts
 10007 | Lair:1   | Reached skill level 18 in Polearms
 10025 | Lair:1   | Found a hide-covered altar of Uskayaw.
 11156 | Lair:2   | Reached skill level 5 in Evocations
 11919 | Lair:3   | Found a staircase to the Snake Pit.
 11958 | Lair:3   | Reached skill level 19 in Polearms
 12025 | Lair:3   | You fall into a shaft and drop 2 floors!
 12025 | Lair:5   | Entered Level 5 of the Lair of Beasts
 12044 | Lair:5   | Found a staircase to the Slime Pits.
 12074 | Lair:5   | Reached skill level 10 in Fighting
 12085 | Lair:5   | Noticed a seven-headed hydra
 12086 | Lair:5   | Noticed a four-headed hydra
 12119 | Lair:5   | Killed a seven-headed hydra
 12220 | Lair:5   | Reached XP level 13. HP: 95/104 MP: 13/13
 12419 | Lair:5   | Found a radiant altar of Vehumet.
 12482 | Lair:5   | Reached skill level 20 in Polearms
 12852 | Lair:4   | Reached ***** piety under Trog
 13029 | Lair:3   | Reached skill level 21 in Polearms
 13100 | Lair:3   | Found a staircase to the Swamp.
 13363 | Lair:3   | Noticed Fannar
 13380 | Lair:3   | Killed Fannar
 13543 | Lair:3   | Noticed Gastronok
 13554 | Lair:3   | Killed Gastronok
 13657 | Lair:4   | Reached XP level 14. HP: 98/114 MP: 14/14
 14362 | Lair:5   | Slain by a cane toad

Illustrated notes

Levels and vault maps discovered:
D:1:      amcnicky_arrival_underground_garden, layout_loops_ring
D:2:      layout_rooms, minmay_crystal_water, uniq_jessica
D:3:      layout_basic, xom_redecorated, grunt_ministairs_2, uniq_robin,
          uniq_ijyb, uniq_sigmund
D:4:      layout_basic, kennysheep_mini, nicolae_ru_awakened_eye, uniq_duvessa,
          uniq_crazy_yiuf_cottage, uniq_edmund, uniq_blork_the_orc
D:5:      layout_layer_cave, mainiacjoe_overflow_concentric_impassable,
          zin_treasury, nicolae_hepliaklqana_hippocampus,
          minmay_hollow_rounded_squares, uniq_grinder, uniq_prince_ribbit1
D:6:      layout_basic, mainiacjoe_overflow_24_doors,
          mainiacjoe_overflow_surrounded_room, nicolae_gozag_zags_fifth_avenue,
          serial_shops, kennysheep_mini_moat, nicolae_shop_behind_doors, shop,
          shop
D:7:      layout_loops_ring, cheibriados_altar_1, minmay_temple_entry_hall
D:8:      layout_basic, yredelemnul_altar_generic, david_lair_generic,
          disabler_island, uniq_erica
D:9:      layout_loops_ring, okawaru_ov_weapons_minmay,
          nicolae_qazlal_eye_of_the_storm, lightli_bailey_entry_fortress
D:10:     layout_irregular_city, nicolae_transmutations_shop, uniq_urug,
          uniq_psyche
Lair:1:   layout_cave_pods, basic_altar
Lair:2:   layout_misc_corridors, chequers_serial_rivers_room_b
Lair:3:   layout_gridlike, palyth_hydra_swamp_entry,
          guppyfry_snake_entry_island, grunt_megastairs_5, uniq_fannar,
          uniq_gastronok
Lair:4:   layout_regular_city
Lair:5:   hangedman_lair_tendril_chambers, layout_misc_corridors,
          dpeg_slime_entry_enclosed, basic_altar, patterned_corridor

Skill      XL: |  1  2  3  4  5  6  7  8  9 10 11 12 13 14 |
---------------+-------------------------------------------+-----
Dodging        | 3 4 5 6 |  6.8
Polearms       | 5 6 7 8 10 13 16 17 19 21 | 21.7
Fighting       | 4 5 6 7 9 10 11 12 | 12.0
Evocations     | 1 2 4 6 |  6.0
Armour         | 2 4 5 |  5.0
Throwing       | 3 5 7 9 |  9.6

Action                   |  1- 3 |  4- 6 |  7- 9 | 10-12 | 13-15 || total
-------------------------+-------+-------+-------+-------+-------++-------
Melee: Spear             |    87 |    93 |       |       |       ||   180
       Tailslap          |     1 |       |       |     5 |     3 ||     9
       Punch             |       |     1 |       |       |       ||     1
       Halberd           |       |    52 |   321 |   177 |       ||   550
       Bardiche          |       |       |       |   338 |   229 ||   567
       Trident           |       |       |       |     4 |    26 ||    30
Throw: Stone             |       |       |     5 |     8 |     4 ||    17
       Boomerang         |       |       |     1 |       |       ||     1
       Dart              |       |       |       |       |     2 ||     2
Invok: Berserk           |     1 |     3 |     4 |    12 |     9 ||    29
       Trog's Hand       |       |     3 |     4 |     8 |     2 ||    17
       Brothers in Arms  |       |       |       |       |     1 ||     1
Evoke: Condenser vane    |       |       |       |     1 |     2 ||     3
       Wand              |       |       |       |       |     1 ||     1
  Use: Potion            |       |     4 |     4 |     2 |       ||    10
       Scroll            |       |       |     4 |    19 |     3 ||    26
 Stab: Sleeping          |     1 |       |       |       |       ||     1
       Invisible         |       |       |       |     5 |       ||     5
       Confused          |       |       |       |       |     3 ||     3
Armor: Ring mail         |     7 |       |       |       |       ||     7
       Plate armour      |    10 |    74 |   159 |   108 |       ||   351
       Skin              |       |       |    32 |       |       ||    32
       Scale mail        |       |       |       |   124 |   128 ||   252
Dodge: Dodged            |    22 |    41 |    82 |   238 |   133 ||   516

Table legend: (Time is in decaauts)
 A = Elapsed time spent in this place.
 B = Non-inter-level travel time spent in this place.
 C = Inter-level travel time spent in this place.
 D = Time resting spent in this place.
 E = Time spent auto-exploring this place.
 F = Levels seen in this place.
 G = Mean time per level.
                   A        B        C        D        E       F      G
               +--------+--------+--------+--------+--------+-----+--------+
         Total |  14408 |  13909 |    499 |   1086 |   9963 |  16 |  900.5 |
       Dungeon |   9568 |   9179 |    389 |    716 |   6717 |  10 |  956.8 |
          Lair |   4384 |   4275 |    109 |    287 |   3204 |   5 |  876.8 |
        Bailey |    456 |    456 |      0 |     82 |     41 |   1 |  456.0 |
               +--------+--------+--------+--------+--------+-----+--------+

Top non-repeatable levels by time:
     D:5: 1573 daAuts
     D:4: 1256 daAuts
  Lair:1: 1129 daAuts
     D:6: 1125 daAuts
     D:8: 1097 daAuts
  Lair:3: 1067 daAuts
    D:10: 965 daAuts
     D:7: 952 daAuts
  Lair:5: 791 daAuts
     D:9: 784 daAuts
  Lair:4: 766 daAuts
     D:1: 670 daAuts
  Lair:2: 629 daAuts
     D:2: 600 daAuts
     D:3: 542 daAuts
